 Dungeon Crawl Stone Soup version bcrawl-1.14.2-1-gc900083943 (webtiles) character file.

Game seed: 17705498417677162770

102 Chiseanne the Sneak (level 4, 0/29 HPs)
             Began as an Octopode Archaeologist on Sept 21, 2019.
             Succumbed to a worker ant's poison
             ... on level 2 of the Dungeon.
             The game lasted 00:03:07 (1862 turns).

Chiseanne the Sneak (Octopode Archaeologist)        Turns: 1862, Time: 00:03:08

Health: 0/29       AC:  2    Str:  7 (10) XL:     4   Next: 77%
Magic:  4/4        EV: 13    Int: 14 (16) God:
Gold:   56         SH:  0    Dex:  8 (11) Spells: 3/3 levels left

rFire    . . .     SeeInvis .   a - +0 whip
rCold    . . .     Gourm    .   (no shield)
rNeg     . . .     Faith    .   b - +1 hat
rPois    .         Spirit   .   (cloak restricted)
rElec    .         Reflect  .   (no amulet)
rCorr    .         Harm     .   (no ring)
MR       .....                  (no ring)
Stlth    +++.......             (no ring)
HPRegen  0.09/turn              (no ring)
MPRegen  0.09/turn              (no ring)
                                (no ring)
                                (no ring)
                                (no ring)

@: lethally poisoned (0 -> -11), swift, flying, studying Maces & Flails, quick
A: almost no armour, stealthy swim, amphibious, 8 rings, constrict 8, camouflage
1, gelatinous body 1
a: no special abilities


You were on level 2 of the Dungeon.
You were not hungry.

You visited 1 branch of the dungeon, and saw 2 of its levels.

You collected 56 gold pieces.

Inventory:

Hand Weapons
 a - a +0 whip (weapon)
Missiles
 g - 536 stones (quivered)
 j - 211 sling bullets
 p - 199 arrows
Armour
 b - a +1 hat (worn)
Scrolls
 i - 2 scrolls of enchant armour {unknown}
 k - a scroll of immolation {unknown}
 l - a scroll of amnesia {unknown}
 n - a scroll of identify {unknown}
Potions
 h - 2 potions of degeneration
Books
 c - a manual of Maces & Flails
Miscellaneous
 d - an ancient crate
Comestibles
 f - 4 rations {!d}
 o - 3 chunks of flesh


   Skills:
 - Level 1.7 Fighting
 + Level 4.8 Maces & Flails
 - Level 3.3 Dodging
 - Level 5.0 Stealth


You had 3 spell levels left.
You didn't know any spells.
Your spell library was empty.

Dungeon Overview and Level Annotations

Branches:
Dungeon (2/12)

Altars:


Innate Abilities, Weirdness & Mutations

You cannot wear most types of armour.
You are very stealthy in the water. (Stealth+)
You are amphibious.
You can wear up to eight rings at the same time.
You can use your tentacles to constrict eight enemies at once.
Your skin changes colour to match your surroundings (Stealth+).
Your rubbery body absorbs attacks. (AC +1, EV +1)


Message History

You are more poisoned.
The worker ant poisons you!
You hit the worker ant.
You kill the worker ant!
* * * LOW HITPOINT WARNING * * *
You feel sick.
It was a potion of cancellation.
You feel magically purged.
* * * LOW HITPOINT WARNING * * *
You feel sick.
It was a potion of degeneration.
There was something very wrong with that liquid.
You feel weakened.
You feel dopey.
You feel clumsy.
* * * LOW HITPOINT WARNING * * *
You feel sick.
It was a potion of flight.
You feel very buoyant.
You fly up into the air.
* * * LOW HITPOINT WARNING * * *
You feel sick.
You die...

#....................
#.......[.....#..####
#........##........
#†.......#........
#########.........
#..........###
#......†..## ###
##........#######.....
#.....@.....).....#
##..?.....#########
#........# ##.......#
##.###### #. #. #.


There were no monsters in sight!

Vanquished Creatures
  A worker ant (D:2)
  2 oozes
  2 worms (D:2)
  A dart slug (D:2)
  2 leopard geckos (D:2)
  5 giant cockroaches
  6 goblins
  3 hobgoblins
  6 jackals (D:1)
  10 kobolds
  A quokka (D:2)
  A ball python (D:1)
  5 bats (D:1)
  5 frilled lizards (D:1)
  7 rats
57 creatures vanquished.

Vanquished Creatures (others)
  A quokka (D:2)
1 creature vanquished.

Grand Total: 58 creatures vanquished

Notes
Turn   | Place    | Note
-------+----------+-------------------------------------------
     0 | D:1      | Chiseanne the Octopode Archaeologist began the quest for
                  | the Orb.
     0 | D:1      | Reached XP level 1. HP: 13/13 MP: 1/1
    46 | D:1      | Reached XP level 2. HP: 8/18 MP: 2/2
   606 | D:1      | Reached skill level 5 in Stealth
   625 | D:1      | Reached XP level 3. HP: 13/24 MP: 3/3
  1451 | D:2      | Reached XP level 4. HP: 9/29 MP: 4/4
  1860 | D:2      | HP: 1/29 [poisoned by a worker ant]
  1862 | D:2      | Succumbed to a worker ant's poison

Skill      XL: |  1  2  3  4 |
---------------+-------------+-----
Stealth        | 5 |  5.0
Maces & Flails | 3 4 |  4.8
Fighting       | |  1.7
Dodging        | |  3.3

Action                   |  1- 3 |  4- 6 || total
-------------------------+-------+-------++-------
Melee: Whip              |   109 |    40 ||   149
       Constrict         |    28 |     6 ||    34
       Tentacles         |    17 |     5 ||    22
  Use: Potion            |       |     3 ||     3
 Stab: Sleeping          |     4 |     3 ||     7
  Eat: Chunk             |     2 |     1 ||     3
Armor: Skin              |    28 |     3 ||    31
Dodge: Dodged            |   116 |    22 ||   138
